 Dungeon Crawl Stone Soup version 0.30-a0-723-gc1506a1cf0 (webtiles) character file.

Game seed: 7477274303680868640

152 zazu2006 the Magician (level 5, -1/66 HPs)
             Began as a Naga Hedge Wizard on Jan 28, 2023.
             Killed from afar by a white imp (5 damage)
             ... with a puff of frost
             ... on level 3 of the Dungeon.
             The game lasted 00:04:43 (3557 turns).

zazu2006 the Magician (Naga Hedge Wizard)           Turns: 3557, Time: 00:04:44

Health: -1/66      AC:  2    Str: 18    XL:     5   Next: 34%
Magic:  2/11       EV: 10    Int: 17    God:
Gold:   108        SH:  0    Dex: 10    Spells: 6/12 levels left

rFire   . . .      SeeInvis +    a - +0 dagger
rCold   . . .      Faith    .    (no shield)
rNeg    . . .      Spirit   .    b - +0 robe
rPois   +          Reflect  .    c - +0 hat
rElec   .          Harm     .    (no cloak)
rCorr   .          Rampage  .    (no gloves)
Will    .....                    (no barding) Stlth
                                 (no amulet)
HPRegen 0.31/turn                j - +6 ring of strength
MPRegen 0.12/turn                (no ring)

@: berserking, short of breath, quick
A: AC +1, large, see invisible, deformed body, poison resistance, slowness 2,
spit poison 1, naga tail 1
a: Spit Poison


You were on level 3 of the Dungeon.
You visited 1 branch of the dungeon, and saw 3 of its levels.

You collected 108 gold pieces.

Inventory:

Hand Weapons
 a - a +0 dagger (weapon)
Armour
 b - a +0 robe (worn)
 c - a +0 hat (worn)
Jewellery
 j - a +6 ring of strength (left hand)
Scrolls
 e - 4 scrolls of teleportation {unknown}
 f - a scroll of blinking {unknown}
 h - 2 scrolls of identify {unknown}
 i - a scroll of enchant weapon {unknown}
 l - a scroll of noise {unknown}
 n - a scroll of enchant armour {unknown}
Potions
 d - a potion of magic
 k - a potion of flight {unknown}
 m - a potion of degeneration {unknown}
 o - a potion of curing {unknown}


   Skills:
 + Level 1.5 Fighting
 + Level 1.9 Dodging
 + Level 3.5 Stealth
 + Level 4.3 Spellcasting
 + Level 1.8 Conjurations
 + Level 1.0 Summonings
 + Level 1.0 Translocations
 + Level 0.1 Air Magic
 * Level 1.7 Poison Magic


You had 6 spell levels left.
You knew the following spells:

 Your Spells              Type           Power      Damage    Failure   Level
a - Magic Dart            Conj           36%        1d4       7%          1
b - Mephitic Cloud        Conj/Pois/Air  7%         N/A       28%         3
c - Blink                 Tloc           14%        N/A       16%         2

Your spell library contained the following spells:

 Spells                   Type           Power      Damage    Failure   Level
 Slow                     Hex            12%        N/A       16%         1
 Call Imp                 Summ           7%         N/A       16%         2
 Cigotuvi's Dreadful Rot  Necr/Pois/Air  10%        N/A       19%         2


Dungeon Overview and Level Annotations

Branches:
Dungeon (3/15)

Altars:
Wu Jian

Shops:
D:1 [


Innate Abilities, Weirdness & Mutations

Your serpentine skin is tough. (AC +1)
You have supernaturally acute eyesight. (SInv)
Armour fits poorly on your strangely shaped body.
Your system is resistant to poisons. (rPois)
You cover ground very slowly.
You can spit poison.
You have a snake-like lower body.


Message History

The white imp gestures at you. The puff of frost hits you!
* * * LOW HITPOINT WARNING * * *
Casting: Magic Dart (safe; 7% risk of failure)
Confirm with . or Enter, or press ? or * to list all spells.
Aiming: Magic Dart (safe; 7% risk of failure)
Press: ? - help, Shift-Dir - straight line, f/p - white imp
Aim: a white imp (severely wounded, 100% to hit)
The magic dart hits the white imp but does no damage.
The white imp is severely wounded.
The white imp gestures at you. The puff of frost hits you!
* * * LOW HITPOINT WARNING * * *
Casting: Magic Dart (safe; 7% risk of failure)
Confirm with . or Enter, or press ? or * to list all spells.
Aiming: Magic Dart (safe; 7% risk of failure)
Press: ? - help, Shift-Dir - straight line, f/p - white imp
Aim: a white imp (heavily wounded, 100% to hit)
The magic dart hits the white imp but does no damage.
The white imp is heavily wounded.
The white imp grins evilly.
The white imp hits you but does no damage.
Okay, then.
Aiming: Spit Poison (1% risk of failure)
Press: ? - help, Shift-Dir - straight line, f/p - white imp
Aim: a white imp (heavily wounded, 59% to hit)
The splash of poison misses the white imp.
The white imp closely misses you.
Unknown command.
It was a potion of berserk rage.
A red film seems to cover your vision as you go berserk!
You feel yourself moving faster!
You feel mighty! The white imp closely misses you.
You closely miss the white imp.
The white imp is heavily wounded.
You hit the white imp but do no damage.
The white imp is heavily wounded.
The white imp gestures at you. The puff of frost hits you.
You die...

#....)................#.#...#
#......##.#############.##.##
#......##.## #..........#..#
#########..###.##########.##
##.....# #.###### ####..#
#......# #..# ######.# ##.##
#.# #.@# #.# #..5.# #.#
#.##.# #.# #.# ..# #.# #.#
?.. #.# #.# #..! #.# #.# ....
#(# #.# ... #.. ###


You could see a white imp.

Vanquished Creatures
  Terence (D:2)
  An orc wizard (D:3)
  4 adders
  A worm (D:3)
  A dart slug (D:2)
  3 orcs (D:3)
  6 ball pythons
  9 endoplasms
  A giant cockroach (D:2)
  5 goblins
  2 hobgoblins
  2 jackals (D:3)
  3 quokkas
  6 bats
  4 frilled lizards
  5 kobolds
  4 rats
58 creatures vanquished.

Notes
Turn   | Place    | Note
-------+----------+-------------------------------------------
     0 | D:1      | zazu2006 the Naga Hedge Wizard began the quest for the Orb.
     0 | D:1      | Reached XP level 1. HP: 15/15 MP: 4/4
   255 | D:1      | Reached XP level 2. HP: 22/22 MP: 3/6
   356 | D:1      | Found Ynugaomi's Antique Armour Emporium.
  1095 | D:1      | Reached XP level 3. HP: 28/28 MP: 4/8
  1099 | D:1      | Learned a level 3 spell: Mephitic Cloud
  1102 | D:1      | Learned a level 2 spell: Blink
  1572 | D:2      | Reached skill level 4 in Spellcasting
  1603 | D:2      | Found an ornate altar of the Wu Jian Council.
  2184 | D:2      | Reached XP level 4. HP: 36/36 MP: 5/10
  2266 | D:2      | Noticed Terence
  2305 | D:2      | Killed Terence
  2306 | D:2      | Reached skill level 1 in Fighting
  2665 | D:3      | Reached skill level 1 in Poison Magic
  2665 | D:3      | Reached XP level 5. HP: 43/44 MP: 8/11
  3552 | D:3      | HP: 1/44 [white imp/puff of frost (10)]
  3557 | D:3      | Killed from afar by a white imp

Illustrated notes

Levels and vault maps discovered:
D:1:      shiori_arrival_oz, layout_loops_ring, serial_shops,
          nicolae_shop_advertising_works [nicolae_subvault_shop_adworks]
D:2:      layout_basic, basic_altar, uniq_terence
D:3:      layout_basic, grunt_gozag_breadcrumbs, palyth_stone_intersect,
          kennysheep_generic_room_12

Skill      XL: |  1  2  3  4 |
---------------+-------------+-----
Spellcasting   | 4 |  4.3
Fighting       | 1 |  1.5
Poison Magic   | 1 |  1.7
Dodging        | |  1.9
Stealth        | |  3.5
Conjurations   | |  1.8
Summonings     | |  1.0
Translocations | |  1.0
Air Magic      | |  0.1

Action                     |  1- 3 |  4- 6 || total
---------------------------+-------+-------++-------
  Melee: Dagger            |    34 |    39 ||    73
         Punch             |       |     1 ||     1
   Cast: Magic Dart        |    84 |    61 ||   145
         Mephitic Cloud    |       |     4 ||     4
Ability: Spit Poison       |     9 |     6 ||    15
    Use: Potion            |       |     1 ||     1
   Stab: Confused          |       |     1 ||     1
         Sleeping          |       |     1 ||     1
 Armour: Robe              |     8 |     8 ||    16
  Dodge: Dodged            |    27 |    20 ||    47

Table legend: (Time is in decaauts)
 A = Elapsed time spent in this place.
 B = Non-inter-level travel time spent in this place.
 C = Inter-level travel time spent in this place.
 D = Time resting spent in this place.
 E = Time spent auto-exploring this place.
 F = Levels seen in this place.
 G = Mean time per level.
                   A        B        C        D        E       F      G
               +--------+--------+--------+--------+--------+-----+--------+
         Total |   4227 |   4188 |     39 |     57 |   3634 |   3 | 1409.0 |
       Dungeon |   4227 |   4188 |     39 |     57 |   3634 |   3 | 1409.0 |
               +--------+--------+--------+--------+--------+-----+--------+

Top non-repeatable levels by time:
     D:2: 1614 daAuts
     D:1: 1418 daAuts
     D:3: 1194 daAuts
